 Dungeon Crawl Stone Soup version 0.29-a0-613-gf2c431b9b9 (webtiles) character file.

Game seed: 5682173002114748114

530 xian the Sneak (level 7, -3/33 HPs)
             Began as a Vine Stalker Venom Mage on June 16, 2022.
             Engulfed by a steam dragon's steam (12 damage)
             ... on level 5 of the Dungeon on June 17, 2022.
             The game lasted 00:15:31 (3945 turns).

xian the Sneak (Vine Stalker Venom Mage)            Turns: 3945, Time: 00:15:32

Health: -3/33      AC:  5    Str: 12    XL:     7   Next: 24%
Magic:  0/12       EV: 12    Int: 15    God:
Gold:   154        SH:  0    Dex: 15    Spells: 6/12 levels left

rFire   . . .      SeeInvis .   q - +6 mace of Ignis's Wrath {flame, Str+2 Int-2 Stlth+}
rCold   . . .      Faith    .   (no shield)
rNeg    . . .      Spirit   +   f - +0 leather armour
rPois   .          Reflect  .   e - +0 helmet
rElec   .          Harm     .   (no cloak)
rCorr   .          Rampage  .   j - +0 pair of gloves
Will    .....                   (no boots)
Stlth   ++++......              (no amulet)
HPRegen 0.91/turn               (no ring)
MPRegen 0.13/turn               (no ring)

@: no status effects
A: fangs 2, regeneration 1, magic shield, antimagic bite, no potion heal 2
a: no special abilities


You were on level 5 of the Dungeon.
You visited 1 branch of the dungeon, and saw 5 of its levels.

You collected 154 gold pieces.

Inventory:

Hand Weapons
 p - a +2 dagger of venom
 q - the +6 mace of Ignis's Wrath (weapon) {flame, Str+2 Int-2 Stlth+}
   (You found it on level 4 of the Dungeon)

   It burns those it strikes, dealing additional fire damage.
   Str:       It affects your strength (+2).
   Int:       It affects your intelligence (-2).
   Stlth:     It makes you more stealthy.
Missiles
 l - 2 throwing nets
 t - 5 javelins
Armour
 e - a +0 helmet (worn)
 f - a +0 leather armour (worn)
 j - a +0 pair of gloves (worn)
Wands
 m - a wand of iceblast (5)
 n - a wand of flame (12)
 s - a wand of charming (14)
Scrolls
 i - a scroll of teleportation
 r - a scroll of identify
Potions
 a - 5 potions of curing
 b - a potion of magic
 c - a potion of ambrosia
 d - a potion of attraction {unknown}
 g - a potion of haste {unknown}
 h - 2 potions of heal wounds
 k - 2 potions of resistance {unknown}
 o - a potion of might {unknown}


   Skills:
 + Level 1.1 Fighting
 + Level 1.0 Short Blades
 + Level 2.0 Maces & Flails
 + Level 2.2 Armour
 + Level 2.3 Dodging
 + Level 5.1 Stealth
 + Level 3.2 Spellcasting
 + Level 0.1 Conjurations
 + Level 1.8 Transmutations
 + Level 0.3 Air Magic
 + Level 3.9 Poison Magic


You had 6 spell levels left.
You knew the following spells:

 Your Spells              Type           Power      Damage    Failure   Level
a - Sting                 Tmut/Pois      44%        1d5       8%          1
b - Poisonous Vapours     Pois/Air       16%        N/A       16%         2
c - Mephitic Cloud        Conj/Pois/Air  6%         N/A       38%         3

Your spell library contained the following spells:

 Spells                   Type           Power      Damage    Failure   Level
 Freeze                   Ice            8%         1d3       26%         1
 Olgreb's Toxic Radiance  Pois           14%        N/A       43%         4
 Frozen Ramparts          Ice            4%         1d2       58%         3
 Airstrike                Air            1%         N/A       91%         4
 Summon Lightning Spire   Summ/Air       2%         N/A       93%         4
 Hailstorm                Conj/Ice       2%         3d3       94%         4
 Lightning Bolt           Conj/Air       1%         1d12      99%         5


Dungeon Overview and Level Annotations

Branches:
Dungeon (5/15)
 Temple: D:4-7

Altars:
Kikubaaqudgha


Innate Abilities, Weirdness & Mutations

You have extremely sharp teeth.
Your natural rate of healing is unusually fast.
When hurt, damage is shared between your health and your magic reserves.
Your bite disrupts and absorbs the magic of your enemies.
Potions cannot restore your health.


Message History

There are no items here.
There is an open door here.
You open the door.
A steam dragon comes into view.
The steam dragon hisses angrily.
The steam dragon breathes steam at you. The ball of steam misses you.
The steam dragon moves out of view.
The steam dragon bites you.
The steam dragon claws you but does no damage.
You barely miss the steam dragon.
The steam dragon bites you but does no damage.
The steam dragon claws you but does no damage.
The steam dragon closely misses you. The steam dragon misses you.
You sock the steam dragon! You burn the steam dragon.
You bite the steam dragon. You drain its power.
You feel invigorated.
The steam dragon is heavily wounded.
The steam dragon bites you! The steam dragon claws you.
You hit the steam dragon. You burn the steam dragon.
Your bite misses the steam dragon.
The steam dragon is severely wounded.
The steam dragon breathes steam at you. The ball of steam hits you!
You hit the steam dragon but do no damage.
Your punch misses the steam dragon. Your bite misses the steam dragon.
The steam dragon is severely wounded.
You are engulfed in a cloud of scalding steam.
The steam dragon bites you.
* * * LOW HITPOINT WARNING * * *
The steam dragon barely misses you.
The steam dragon bites you but does no damage.
The steam dragon barely misses you.
You closely miss the steam dragon. You bite the steam dragon.
You drain its power.
You feel invigorated.
The steam dragon is severely wounded.
The steam dragon breathes steam at you. The ball of steam misses you.
You hit the steam dragon. You burn the steam dragon.
The steam dragon is almost dead.
You are engulfed in a cloud of scalding steam.
You die...

####
###+####+############
#........#.........#.
#........#.........#.
##..###.####'########
#####..###§###..########
#........§......#.......
+....§.....§....#.......
#......@.^......#.......
#..###D######.########..
#.# ##.####.###.. ...
#............ #...
#.).....).... #....
#............ #....
#..##..###.##
####################
#.....'........


You could see a steam dragon.

Vanquished Creatures
  An ogre (D:4)
  A phantom (D:4)
  2 jellies
  A hound (D:4)
  2 iguanas (D:4)
  Robin (D:3)
  3 gnolls (D:4)
  7 adders
  4 dart slugs
  12 orcs
  9 ball pythons
  7 bats
  2 bat zombies (D:4)
  7 endoplasms
  3 giant cockroaches
  13 goblins
  12 hobgoblins
  11 jackals
  A quokka (D:4)
  A frilled lizard (D:1)
  5 kobolds
  A rat (D:2)
106 creatures vanquished.

Vanquished Creatures (others)
  2 demonic plants (D:2)
  3 withered plants (D:2)
5 creatures vanquished.

Grand Total: 111 creatures vanquished

Notes
Turn   | Place    | Note
-------+----------+-------------------------------------------
     0 | D:1      | xian the Vine Stalker Venom Mage began the quest for the
                  | Orb.
     0 | D:1      | Reached XP level 1. HP: 9/9 MP: 4/4
   196 | D:1      | Reached XP level 2. HP: 12/13 MP: 6/6
  1190 | D:2      | Reached XP level 3. HP: 11/16 MP: 2/7
  1658 | D:2      | Reached skill level 3 in Stealth
  1680 | D:2      | Gained mutation: Your natural rate of healing is unusually
                  | fast. [Vine Stalker growth]
  1680 | D:2      | Reached XP level 4. HP: 5/21 MP: 1/8
  1848 | D:2      | Found a faded altar of an unknown god.
  2191 | D:3      | Noticed Robin
  2206 | D:3      | Killed Robin
  2230 | D:3      | Learned a level 2 spell: Poisonous Vapours
  2234 | D:3      | Learned a level 3 spell: Mephitic Cloud
  2357 | D:3      | Reached XP level 5. HP: 25/25 MP: 10/10
  2721 | D:4      | Reached skill level 4 in Stealth
  2815 | D:4      | Noticed a phantom
  2846 | D:4      | Reached skill level 1 in Armour
  2855 | D:4      | Identified the +6 mace of Ignis's Wrath {flame, Str+2 Int-2
                  | Stlth+}
  2868 | D:4      | Killed a phantom
  2869 | D:4      | Reached skill level 1 in Maces & Flails
  2869 | D:4      | Reached XP level 6. HP: 29/29 MP: 11/11
  3124 | D:4      | Reached skill level 1 in Fighting
  3124 | D:4      | Reached skill level 1 in Short Blades
  3344 | D:4      | Reached skill level 5 in Stealth
  3362 | D:4      | You fall into a shaft and drop 1 floor!
  3362 | D:5      | Entered Level 5 of the Dungeon
  3392 | D:4      | Reached XP level 7. HP: 29/33 MP: 10/12
  3681 | D:4      | Found an ancient bone altar of Kikubaaqudgha.
  3936 | D:5      | Noticed a steam dragon
  3945 | D:5      | Engulfed by a steam dragon's steam

Illustrated notes

Levels and vault maps discovered:
D:1:      lightli_arrival_noodles, layout_basic, corexii_leaking_fountain
D:2:      minmay_general_purpose_star, layout_rooms,
          shapermc_ecumenical_altar_gd, hangedman_decor_slide_cut
D:3:      layout_basic, uniq_robin
D:4:      layout_gridville, lemuel_zombie_altar_kikubaaqudgha
D:5:      layout_gridville, uniq_eustachio

Skill      XL: |  1  2  3  4  5  6  7 |
---------------+----------------------+-----
Stealth        | 3 4 5 |  5.1
Armour         | 1 2 |  2.2
Maces & Flails | 1 2 |  2.0
Dodging        | 2 |  2.3
Spellcasting   | 3 |  3.2
Fighting       | 1 |  1.1
Short Blades   | 1 |  1.0
Conjurations   | |  0.1
Transmutations | |  1.8
Air Magic      | |  0.3
Poison Magic   | |  3.9

Action                   |  1- 3 |  4- 6 |  7- 9 || total
-------------------------+-------+-------+-------++-------
Melee: Short sword       |    44 |    10 |       ||    54
       Bite              |    17 |    38 |    10 ||    65
       Unarmed           |     1 |       |       ||     1
       Mace              |       |    86 |    37 ||   123
       Punch             |       |     2 |     2 ||     4
       Dagger            |       |    30 |       ||    30
 Cast: Sting             |    26 |    13 |       ||    39
       Poisonous Vapours |       |     6 |     1 ||     7
  Use: Scroll            |     4 |     7 |       ||    11
 Stab: Sleeping          |     3 |    11 |     3 ||    17
Armor: Robe              |     3 |       |       ||     3
       Leather armour    |    15 |    49 |    24 ||    88
Dodge: Dodged            |    47 |    77 |    33 ||   157

Table legend: (Time is in decaauts)
 A = Elapsed time spent in this place.
 B = Non-inter-level travel time spent in this place.
 C = Inter-level travel time spent in this place.
 D = Time resting spent in this place.
 E = Time spent auto-exploring this place.
 F = Levels seen in this place.
 G = Mean time per level.
                   A        B        C        D        E       F      G
               +--------+--------+--------+--------+--------+-----+--------+
         Total |   3989 |   3930 |     59 |    127 |   2660 |   5 |  797.8 |
       Dungeon |   3989 |   3930 |     59 |    127 |   2660 |   5 |  797.8 |
               +--------+--------+--------+--------+--------+-----+--------+

Top non-repeatable levels by time:
     D:2: 1182 daAuts
     D:4: 1074 daAuts
     D:1: 929 daAuts
     D:3: 605 daAuts
     D:5: 198 daAuts
